 Dungeon Crawl Stone Soup version 0.29-a0-613-gf2c431b9b9 (console) character file.

Game seed: 13346228913966161377

4681 om the Thaumaturge (level 10, -7/73 HPs)
             Began as a Djinni Fire Elementalist on June 16, 2022.
             Was a Believer of Makhleb.
             Mangled by an orc knight
             ... wielding a +0 war axe
              (20 damage)
             ... in a bailey.
             The game lasted 00:25:23 (12814 turns).

om the Thaumaturge (Djinni Fire Elementalist)      Turns: 12814, Time: 00:25:24

Health: -7/73      AC:  5    Str:  7    XL:     10   Next: 72%
Gold:   942        EV: 14    Int: 23    God:    Makhleb [**....] SH:  0 Dex: 18

rFire   + + .      SeeInvis .   t - staff of conjuration
rCold   x . .      Faith    .   (no shield)
rNeg    . . .      Spirit   .   a - +0 robe
rPois   ∞          Reflect  .   d - +1 helmet
rElec   .          Harm     .   (no cloak)
rCorr   +          Rampage  .   s - +0 pair of gloves
Will    +....                   (boots unavailable)
Stlth   ++........              (no amulet)
HPRegen 0.22/turn               o - +6 ring of intelligence
MPRegen 0.00/turn               v - ring of resist corrosion

@: about to teleport, flying
A: sickness immunity, fire resistance 2, cold vulnerability 1, float, innate
caster, HP casting, extra vitality 1
a: Renounce Religion, Minor Destruction


You were in a bailey.
You worshipped Makhleb.
Makhleb was pleased with you.
You visited 2 branches of the dungeon, and saw 9 of its levels.
You also visited: Bailey.

You collected 942 gold pieces.

Inventory:

Hand Weapons
 k - a +1 rapier of flaming
Missiles
 l - 2 throwing nets
Armour
 a - a +0 robe (worn)
 d - a +1 helmet (worn)
 s - a +0 pair of gloves (worn)
Magical Staves
 t - a staff of conjuration (weapon)
Jewellery
 o - a +6 ring of intelligence (left hand)
 v - a ring of resist corrosion (right hand)
Wands
 A - a wand of flame (14)
Scrolls
 f - 5 scrolls of enchant weapon
 j - 2 scrolls of amnesia {unknown}
 m - a scroll of teleportation
 p - 3 scrolls of enchant armour
 q - a scroll of brand weapon
 r - a scroll of immolation
 w - a scroll of identify
 x - a scroll of vulnerability
Potions
 b - a potion of mutation {unknown}
 c - 2 potions of degeneration {unknown}
 e - a potion of flight {unknown}
 g - 2 potions of might
 h - 2 potions of attraction
 i - 4 potions of lignification
 n - a potion of haste {unknown}
 z - a potion of invisibility {unknown}


   Skills:
 + Level 6.6 Fighting
 + Level 0.2 Staves
 - Level 5.0 Dodging
 - Level 3.0 Stealth
 - Level 10.0 Spellcasting


You had 6 spell levels left.
You knew the following spells:

 Your Spells              Type           Power      Damage    Failure   Level
a - Foxfire               Conj/Fire      100%       2x1d9     1%          1
b - Scorch                Fire           100%       2d10      1%          2
c - Conjure Flame         Conj/Fire      72%        6-21      1%          3
d - Inner Flame           Hex/Fire       55%        N/A       1%          3
e - Flame Wave            Conj/Fire      72%        2d13      1%          4
f - Magic Dart            Conj           100%       1d8       1%          1
g - Ensorcelled Hibernat  Hex/Ice        100%       N/A       1%          2
h - Ignite Poison         Fire/Tmut/Pois 55%        N/A       1%          3
i - Animate Dead          Necr           55%        N/A       1%          4
Your spell library was empty.

Dungeon Overview and Level Annotations

Branches:
Dungeon (8/15)             Temple (1/1) D:5          Bailey (1/1)
   Lair: D:8-11

Altars:
Ashenzari
Dithmenos
Fedhas
Gozag
Hepliaklqana
Kikubaaqudgha
Makhleb
Okawaru
Ru
Sif Muna
Uskayaw
Vehumet
Xom
Yredelemnul
The Shining One

Shops:
D:3 [:((=   D:6 :


Innate Abilities, Weirdness & Mutations

You are immune to sickness and miasma.
You are immune to poison.
Your flesh is very heat resistant. (rF++)
You are vulnerable to cold. (rC-)
You float through the air rather than walking.
You learn spells naturally, not from books.
Your magical power is your life essence.
You have superior vitality. (+4 MHP)


Message History

The foxfire hits the orc knight.
The orc knight is moderately wounded.
Casting: Foxfire (safe; 1% risk of failure)
Confirm with . or Enter, or press ? or * to list all spells.
Flames lash the orc knight.
The orc knight is moderately wounded.
The orc knight's fire resistance burns away.
The foxfire hits the orc knight.
The orc knight is burned terribly!
The orc knight is heavily wounded.
The foxfire hits the orc knight but does no damage.
The orc knight is heavily wounded.
Casting: Scorch (safe; 1% risk of failure)
Confirm with . or Enter, or press ? or * to list all spells.
Flames lash the kobold brigand.
The kobold brigand is lightly wounded.
The kobold brigand's fire resistance burns away.
The kobold brigand throws a curare-tipped dart.
The curare-tipped dart hits you.
You feel a surge of power!
You conjure some foxfire!
The orc knight hits you with a +0 war axe!
The orc knight hits your foxfire with a +0 war axe!
You feel a surge of power!
You conjure some foxfire!
The foxfire hits the orc knight.
The orc knight is heavily wounded.
The foxfire hits the orc knight but does no damage.
The orc knight is heavily wounded.
The orc knight hits you with a +0 war axe!!
* * * LOW HITPOINT WARNING * * *
The orc knight hits your foxfire with a +0 war axe!!
The foxfire hits the orc knight but does no damage.
The orc knight is heavily wounded.
The foxfire hits the orc knight!
The orc knight is burned terribly!
The orc knight is heavily wounded.
Okay, then.
As you read the scroll of teleportation, it crumbles to dust.
You feel strangely unstable.
The orc knight is no longer more vulnerable to fire.
The kobold brigand is no longer more vulnerable to fire.
The kobold brigand barely misses you.
The orc knight hits you with a +0 war axe!!
You die...

#.(.# #.(.# #...#
####(.(####
##≈.......≈##
#####≈≈.(.....≈≈#####
#....≈≈.......≈≈....#
#.###≈≈...)...≈≈###.#
#....≈).......≈≈....#
#.###≈≈......)≈≈###.#
#....≈≈...@§..≈≈....#
#.###≈≈..KKo..≈≈###.#
#....≈≈.......≈≈....#
#.###≈≈..o....≈≈###.#
#....≈≈......(≈≈....#
#####≈≈.......≈≈#####
##≈.......≈##
####'''#### ##.....##
#∩}....∩# #...8...#


You could see an orc knight, an orc warrior (strong) and 2 kobold brigands.

Vanquished Creatures
  A vampire (D:6)
  4 yaks (D:7)
  Eustachio (D:4)
  A wraith (D:6)
  A steam dragon (D:8)
  2 water moccasins
  6 black bears
  2 orc warriors
  3 ice beasts
  2 ogres
  A centaur (D:5)
  4 kobold brigands
  Blork the orc (D:6)
  2 necrophages (D:6)
  A bullfrog (D:6)
  4 scorpions
  4 killer bees (D:8)
  A howler monkey (D:6)
  2 quasits (D:8)
  2 gnoll shamans
  2 hounds
  4 jellies
  3 orc priests
  Jessica (D:2)
  Terence (D:2)
  2 iguanas
  6 orc wizards
  13 gnolls
  14 adders
  4 shadow imps
  6 white imps
  3 ufetubi
  2 worms
  34 orcs
  3 bats
  7 endoplasms
  3 giant cockroaches
  4 goblins
  8 hobgoblins
  6 jackals
  18 kobolds
  3 ball pythons
  2 frilled lizards
  2 rats (D:3)
196 creatures vanquished.

Vanquished Creatures (collateral kills)
  A foxfire (D:8)
1 creature vanquished.

Vanquished Creatures (others)
  600 foxfires
600 creatures vanquished.

Grand Total: 797 creatures vanquished

Notes
Turn   | Place    | Note
-------+----------+-------------------------------------------
     0 | D:1      | om the Djinni Fire Elementalist began the quest for the
                  | Orb.
     0 | D:1      | om set off with the following spells memorised: Foxfire,
                  | Scorch, Conjure Flame, Inner Flame, Flame Wave.
     0 | D:1      | Reached XP level 1. HP: 15/15 MP: 0/0
   329 | D:1      | Reached XP level 2. HP: 10/21 MP: 0/0
   993 | D:2      | Reached skill level 3 in Spellcasting
  1027 | D:2      | Reached XP level 3. HP: 21/25 MP: 0/0
  1027 | D:2      | Learned a level 1 spell: Magic Dart
  1615 | D:2      | Noticed Jessica
  1641 | D:2      | Killed Jessica
  1642 | D:2      | Reached XP level 4. HP: 21/31 MP: 0/0
  1995 | D:2      | Reached XP level 5. HP: 13/35 MP: 0/0
  1995 | D:2      | Learned a level 2 spell: Ensorcelled Hibernation
  2210 | D:2      | Reached skill level 4 in Spellcasting
  2702 | D:2      | Noticed Terence
  2709 | D:2      | Killed Terence
  3030 | D:2      | Found a faded altar of an unknown god.
  3411 | D:3      | Identified the +5 ring mail "Zuyrecs" {Fly rF- Str+3}
  3530 | D:3      | Reached XP level 6. HP: 20/40 MP: 0/0
  3819 | D:3      | Found Siry's Antique Weapon Shoppe.
  3922 | D:3      | Found a glowing golden altar of the Shining One.
  3922 | D:3      | Found an opulent altar of Gozag.
  4003 | D:3      | Found Ybaegeru's Book Boutique.
  4013 | D:3      | Found Inaen's Antique Armour Emporium.
  4108 | D:3      | Found a hazy altar of Hepliaklqana.
  4260 | D:3      | Found Budiptewn's Weapon Boutique.
  4275 | D:3      | Found Joad Wogowo's Jewellery Emporium.
  4359 | D:3      | Reached skill level 5 in Spellcasting
  4918 | D:4      | Reached XP level 7. HP: 43/45 MP: 0/0
  4918 | D:4      | Learned a level 3 spell: Ignite Poison
  5112 | D:4      | Noticed Eustachio
  5146 | D:4      | HP: 3/67 [quasit[Eustachio] (1)]
  5161 | D:4      | Killed Eustachio
  5953 | D:4      | Reached skill level 6 in Spellcasting
  6234 | D:4      | Reached XP level 8. HP: 51/51 MP: 0/0
  6431 | D:5      | Entered Level 5 of the Dungeon
  6908 | D:5      | Reached skill level 7 in Spellcasting
  6940 | D:5      | Found a basalt altar of Yredelemnul.
  6952 | D:5      | Reached skill level 1 in Fighting
  7272 | D:5      | Found an iron altar of Okawaru.
  7360 | D:5      | Found a staircase to the Ecumenical Temple.
  7686 | Temple   | Entered the Ecumenical Temple
  7760 | Temple   | Became a worshipper of Makhleb the Destroyer
  7945 | D:6      | Reached XP level 9. HP: 53/57 MP: 0/0
  7945 | D:6      | Learned a level 4 spell: Animate Dead
  8017 | D:6      | Reached skill level 8 in Spellcasting
  8196 | D:6      | Noticed Blork the orc
  8211 | D:6      | Killed Blork the orc
  8924 | D:6      | Reached skill level 9 in Spellcasting
  9317 | D:6      | Reached * piety under Makhleb
  9338 | D:6      | Found Gatink's Book Emporium.
 10387 | D:7      | Reached XP level 10. HP: 48/62 MP: 0/0
 10554 | D:7      | Reached skill level 10 in Spellcasting
 10558 | D:7      | Reached skill level 5 in Dodging
 11978 | D:8      | Reached skill level 5 in Fighting
 12017 | D:8      | Reached ** piety under Makhleb
 12105 | D:8      | Found a flagged portal.
 12120 | Bailey   | Entered a bailey
 12782 | Bailey   | Noticed an orc knight
 12814 | Bailey   | Mangled by an orc knight

Illustrated notes

Levels and vault maps discovered:
D:1:      wander_arrival_desolate, layout_basic
D:2:      layout_basic, hellmonk_ecumenical_altar_inner_sanctum,
          minmay_misc_feat_four_crosses, uniq_terence, uniq_jessica
D:3:      layout_loops_ring, nzn_hepliaklqana_mist_gate,
          chequers_temple_overflow_statue_of_worship, serial_shops,
          nicolae_shop_bloodbath_and_beyond, nicolae_shop_overgrown_old_shop,
          nicolae_shop_temple_entry_statues_fountains, shop, shop, st_stairs_12
D:4:      layout_cave_pods, uniq_eustachio
D:5:      layout_cave_pods, okawaru_gym_becter, kennysheep_mini_moat,
          temple_hall
D:6:      layout_loops_ring, serial_shops, shop_statue, nzn_random_ring,
          uniq_blork_the_orc
D:7:      layout_basic, vehumet_altar_wand_db,
          mainiacjoe_overflow_small_starburst, minmay_unpleasant_kobolds
D:8:      layout_loops_ring, kennysheep_little_box, grunt_qazlal_clouds,
          enter_bailey_4, serial_demonic, serial_demonic_d, serial_demonic_d,
          serial_demonic_e, serial_demonic_b, serial_demonic_e,
          serial_demonic_a, uniq_gastronok
Temple:   jpeg_temple_clearing
Bailey:   bailey_axe_3, bailey

Skill      XL: |  1  2  3  4  5  6  7  8  9 10 |
---------------+-------------------------------+-----
Spellcasting   | 3 4 5 6 7 9 10 | 10.0
Stealth        | 2 3 |  3.0
Dodging        | 3 4 5 |  5.0
Fighting       | 1 6 |  6.6
Staves         | |  0.2

Action                   |  1- 3 |  4- 6 |  7- 9 | 10-12 || total
-------------------------+-------+-------+-------+-------++-------
Melee: Unarmed           |     2 |       |       |       ||     2
       Rapier            |       |     1 |     4 |       ||     5
       Staff             |       |       |    11 |    23 ||    34
       Punch             |       |       |       |     1 ||     1
 Cast: Foxfire           |    39 |   106 |   163 |    58 ||   366
       Scorch            |       |     9 |    51 |    46 ||   106
       Conjure Flame     |       |     2 |     4 |     2 ||     8
       Ensorcelled Hiber |       |       |     4 |       ||     4
       Flame Wave        |       |       |     4 |     5 ||     9
       Inner Flame       |       |       |       |     1 ||     1
  Use: Scroll            |       |     3 |     1 |     7 ||    11
       Potion            |       |     1 |     4 |     1 ||     6
 Stab: Sleeping          |       |       |     1 |       ||     1
Armor: Robe              |     1 |     7 |    24 |    25 ||    57
       Skin              |       |       |    10 |       ||    10
Dodge: Dodged            |     5 |    25 |    58 |    67 ||   155

Table legend: (Time is in decaauts)
 A = Elapsed time spent in this place.
 B = Non-inter-level travel time spent in this place.
 C = Inter-level travel time spent in this place.
 D = Time resting spent in this place.
 E = Time spent auto-exploring this place.
 F = Levels seen in this place.
 G = Mean time per level.
                   A        B        C        D        E       F      G
               +--------+--------+--------+--------+--------+-----+--------+
         Total |  12818 |  12470 |    348 |   4077 |   6900 |  10 | 1281.8 |
       Dungeon |  12035 |  11719 |    316 |   3518 |   6817 |   8 | 1504.4 |
        Temple |     88 |     56 |     32 |      0 |     47 |   1 |   88.0 |
        Bailey |    694 |    694 |      0 |    559 |     36 |   1 |  694.0 |
               +--------+--------+--------+--------+--------+-----+--------+

Top non-repeatable levels by time:
     D:2: 2231 daAuts
     D:6: 1949 daAuts
     D:7: 1923 daAuts
     D:4: 1632 daAuts
     D:5: 1421 daAuts
     D:3: 1391 daAuts
     D:1: 1176 daAuts
  Bailey: 694 daAuts
     D:8: 309 daAuts
  Temple: 88 daAuts
